 Dungeon Crawl Stone Soup version 0.21-a0-440-g28109cb (webtiles) character file.

67 slep the Skirmisher (level 3, 0/29 HPs)
             Began as a Demonspawn Fighter on Nov 10, 2017.
             Succumbed to an adder's poison
             ... on level 2 of the Dungeon.
             The game lasted 00:06:38 (869 turns).

slep the Skirmisher (Demonspawn Fighter)             Turns: 869, Time: 00:06:38

Health: 0/29       AC:  6    Str: 16    XL:     3   Next: 98%
Magic:  3/3        EV:  7    Int:  9    God:
Gold:   89         SH:  9    Dex: 13    Spells: 2/2 levels left

rFire    . . .     SeeInvis .   a - +0 long sword
rCold    . . .     Gourm    .   c - +0 shield
rNeg     . . .     Faith    .   b - +0 scale mail
rPois    .         Spirit   .   (no helmet)
rElec    .         Reflect  .   (no cloak)
rCorr    .         Harm     .   (no gloves)
MR       .....                  (no boots)
Stlth    +.........             (no amulet)
HPRegen  0.09/turn              (no ring)
MPRegen  0.08/turn              (no ring)

@: lethally poisoned (0 -> -10)
A: nightstalker 1
a: no special abilities


You were on level 2 of the Dungeon.
You were not hungry.

You visited 1 branch of the dungeon, and saw 2 of its levels.

You collected 89 gold pieces.

Inventory:

Hand Weapons
 a - a +0 long sword (weapon)
Armour
 b - a +0 scale mail (worn)
 c - a +0 shield (worn)
Scrolls
 e - a scroll of identify {unknown}
 h - a scroll of amnesia {unknown}
 j - a scroll of remove curse {unknown}
 l - a scroll of blinking {unknown}
Potions
 d - 3 potions of might
 i - a potion of berserk rage {unknown}
Comestibles
 f - a bread ration
 g - a meat ration
 k - 3 chunks of flesh


   Skills:
 + Level 3.6 Fighting
 + Level 2.5 Long Blades
 + Level 3.1 Armour
 + Level 0.6 Dodging
 + Level 3.0 Shields


You had 2 spell levels left.
You didn't know any spells.

Dungeon Overview and Level Annotations

Branches:
Dungeon (2/15)

Altars:


Innate Abilities, Weirdness & Mutations

You are slightly more attuned to the shadows.


Message History

The adder poisons you!
You hit the adder.
The adder is almost dead.
You feel sick. The adder barely misses you. The adder bites you.
* * * LOW HITPOINT WARNING * * *
You are more poisoned.
The adder poisons you!
You closely miss the adder.
The adder is almost dead.
* * * LOW HITPOINT WARNING * * *
You feel sick. The adder bites you.
* * * LOW HITPOINT WARNING * * *
You slash the adder!
You kill the adder!
* * * LOW HITPOINT WARNING * * *
You feel sick. The hobgoblin completely misses you.
You riposte.
You barely miss the hobgoblin. You hit the hobgoblin.
The hobgoblin is heavily wounded.
You die...

#.#...#..###.....
#.##.##..# ..)###
#.##.##..# #.##
#.......#. ##
####.###..... #.#
.>... #.# ....
####.###.....
#....@g......
#.##.##.##### #
#.# .# ..# .#
#### .# .. .)


You could see a hobgoblin.

Vanquished Creatures
  An adder (D:2)
  2 oozes (D:1)
  A worm (D:2)
  A dart slug (D:2)
  A leopard gecko (D:2)
  3 giant cockroaches (D:1)
  4 hobgoblins
  4 jackals (D:1)
  A ball python (D:1)
  10 bats
  5 goblins
  3 kobolds
  10 rats
46 creatures vanquished.

Notes
Turn   | Place    | Note
-------+----------+-------------------------------------------
     0 | D:1      | slep the Demonspawn Fighter began the quest for the Orb.
     0 | D:1      | Reached XP level 1. HP: 18/18 MP: 1/1
    47 | D:1      | Gained mutation: You are slightly more attuned to the shadows. [demonic ancestry]
    47 | D:1      | Reached XP level 2. HP: 8/24 MP: 2/2
   378 | D:1      | Reached XP level 3. HP: 19/29 MP: 3/3
   868 | D:2      | HP: 1/29 [poisoned by an adder]
   869 | D:2      | Succumbed to an adder's poison

Vault maps used:
D:1:      dpeg_arrival_pits
D:2:      lemuel_zombie_altar_kikubaaqudgha, uniq_natasha

Skill      XL: |  1  2  3 |
---------------+----------+-----
Long Blades    | 2 |  2.5
Armour         | 3 |  3.1
Shields        | 3 |  3.0
Fighting       | |  3.6
Dodging        | |  0.6

Action                   || total
-------------------------++-------
Melee: Long sword        ||   146
Armor: Scale mail        ||    72
Dodge: Dodged            ||    46
Block: Shield            ||    63
       Rpst.: Long sword ||    20

Table legend:
 A = Spawn XP
 B = Non-spawn XP
 C = Spawn XP percentage of total XP
 D = Spawn monster count
 E = Non-spawn monster count
 F = Spawn count percentage of total count
 G = Total turns spent on level
                    A         B        C        D         E        F      G
               +---------+---------+-------+---------+---------+-------+---------
         Total |       0 |      96 |   0.0 |       0 |      46 |   0.0 |   869
               +---------+---------+-------+---------+---------+-------+---------
           D:1 |       0 |      62 |   0.0 |       0 |      36 |   0.0 |   668
           D:2 |       0 |      34 |   0.0 |       0 |      10 |   0.0 |   201
               +---------+---------+-------+---------+---------+-------+---------
